 Dungeon Crawl Stone Soup version 0.25.1-9-gc5326a611f (webtiles) character file.

Game seed: 4938630052500395410

143703 Clowwww the Severer (level 16, -9/141 HPs)
             Began as a Minotaur Fighter on Dec 29, 2020.
             Was a High Priest of Trog.
             Mangled by a +6 halberd of flaming (22 damage)
             ... on level 2 of the Elven Halls on Dec 30, 2020.
             The game lasted 01:20:00 (32463 turns).

Clowwww the Severer (Minotaur Fighter)             Turns: 32463, Time: 01:20:00

Health: -9/141     AC: 18    Str: 31      XL:     16   Next: 83%
Magic:  16/16      EV: 16    Int: 15 (16) God:    Trog [*****.]
Gold:   652        SH:  7    Dex: 11      Spells: 15/15 levels left

rFire    + + .     SeeInvis +   O - +10 broad axe "Cudocov" {vorpal, *Rage rF+ rC+ rN+}
rCold    . . .     Gourm    .   F - +1 buckler "Kimmun" {rC- rCorr Str+6 SInv}
rNeg     + . .     Faith    +   w - +4 ring mail {MR+}
rPois    +         Spirit   .   (helmet restricted)
rElec    .         Reflect  .   b - +2 cloak {MR+}
rCorr    +         Harm     .   j - +0 pair of gloves
MR       +++++     Rnd*Rage +   L - +0 pair of boots {Stlth+} Stlth ++++......Rnd*Tele +
                                M - amulet of Mokiqeac {Faith Int+3}
HPRegen  1.33/turn              D - ring of poison resistance
MPRegen  0.15/turn              H - ring of the Aged Suns {rF+ Int+8}

@: berserk cooldown, starving, regenerating, slowed, studying Stealth, very slow
A: retaliatory headbutt, horns 2, berserk 1, deterioration 1, frail 1,
teleportitis 1, weak 1, evolution 1, no potion heal 1
a: Berserk, Trog's Hand, Brothers in Arms, Renounce Religion


You were on level 2 of the Elven Halls.
You worshipped Trog.
Trog was extremely pleased with you.
You were starving.

You visited 5 branches of the dungeon, and saw 26 of its levels.
You also visited: Sewer and Volcano.

You collected 2319 gold pieces.
You spent 1667 gold pieces at shops.

Inventory:

Hand Weapons
 O - the +10 broad axe "Cudocov" (weapon) {vorpal, *Rage rF+ rC+ rN+}
   (Trog gifted it to you on level 2 of the Orcish Mines)

   It inflicts extra damage upon your enemies.
   It protects you from fire.
   It protects you from cold.
   It protects you from negative energy.
   It may make you go berserk in combat.
Missiles
 m - 8 boomerangs (quivered)
Armour
 b - a +2 cloak of magic resistance (worn)
 j - a +0 pair of gloves (worn)
 w - a +4 ring mail of magic resistance (worn)
 F - the +1 buckler "Kimmun" (worn) {rC- rCorr Str+6 SInv}
   (You found it on level 9 of the Dungeon)

   It affects your strength (+6).
   It makes you vulnerable to cold.
   It lets you see invisible.
   It provides partial protection from all sources of acid and corrosion.
 G - the +2 cloak of the Moon Troll {Str+6 Int+2}
   (You found it on level 10 of the Dungeon)

   It affects your strength (+6).
   It affects your intelligence (+2).
 L - a +0 pair of boots of stealth (worn)
Jewellery
 c - an uncursed ring of resist corrosion
 u - an uncursed amulet of the acrobat
 z - an uncursed amulet of magic regeneration
 B - an uncursed amulet of faith
 D - a ring of poison resistance (left hand)
 H - the ring of the Aged Suns (right hand) {rF+ Int+8}
   (You found it on level 6 of the Lair of Beasts)

   [ring of protection from fire]

   It affects your intelligence (+8).
   It protects you from fire.
 K - an uncursed ring of fire
 M - the amulet of Mokiqeac (around neck) {Faith Int+3}
   (You found it on level 6 of the Lair of Beasts)

   [amulet of faith]

   It allows you to gain divine favour quickly.
   It affects your intelligence (+3).
Wands
 i - a wand of polymorph (6)
 o - a wand of paralysis (32)
 y - a wand of flame (43)
 I - a wand of random effects (5)
 N - a wand of disintegration (16)
Scrolls
 l - 11 scrolls of remove curse
 n - 5 scrolls of fog
 p - 4 scrolls of fear
 r - 8 scrolls of teleportation
 C - 6 scrolls of magic mapping
 J - 5 scrolls of identify
Potions
 a - 2 potions of invisibility
 d - 8 potions of might
 e - 5 potions of stabbing
 g - 3 potions of resistance
 h - 6 potions of flight
 k - 11 potions of curing
 q - 3 potions of haste
 s - a potion of heal wounds
 t - 3 potions of lignification
 v - 2 potions of magic
 x - 2 potions of berserk rage
 A - 4 potions of ambrosia
 Q - 2 potions of cancellation
Books
 E - a manual of Stealth
Comestibles
 f - 50 rations


   Skills:
 + Level 17.8 Fighting
 + Level 19.5 Axes
 + Level 10.9 Throwing
 + Level 12.0 Armour
 + Level 9.9 Dodging
 + Level 7.0 Stealth
 + Level 11.9 Shields
 + Level 2.2 Evocations


You had 15 spell levels left.
You didn't know any spells.
Your spell library contained the following spells:

 Spells                   Type           Power        Failure   Level  Hunger
 Magic Dart               Conj           #...         34%         1    ##.....
 Blink                    Tloc           N/A          45%         2    ###....
 Call Imp                 Summ           #.......     45%         2    ###....
 Slow                     Hex            #.......     45%         2    ###....
 Conjure Flame            Conj/Fire      #.......     71%         3    ####...
 Mephitic Cloud           Conj/Pois/Air  #.......     71%         3    ####...


Dungeon Overview and Level Annotations

Branches:
Dungeon (15/15)            Temple (1/1) D:4            Lair (6/6) D:11
  Snake (0/4) Lair:2        Slime (0/5) Lair:5          Orc (2/2) D:11
    Elf (2/3) Orc:2        Vaults (0/5) D:13         Depths (0/5) D:15
  Sewer (visited)         Volcano (visited)
  Swamp: Lair:2-4    Shoals: Lair:2-4

Altars:
Ashenzari
Cheibriados
Fedhas
Gozag
Hepliaklqana
Makhleb
Nemelex Xobeh
Okawaru
Qazlal
Ru
Sif Muna
Trog
Uskayaw
Vehumet
Xom
Yredelemnul
Zin
Jiyva

Shops:
D:9 *   Orc:2 (=[[   Elf:1 *   Elf:2 :

Portals:
Trove: Elf:1 (give +5 demon trident)


Innate Abilities, Weirdness & Mutations

You reflexively headbutt those who attack you in melee.
You have a pair of horns on your head.
You tend to lose your temper in combat.
Your body sometimes deteriorates upon taking damage.
You are frail. (-10% HP)
You are occasionally teleported next to monsters.
You are weak. (Str -2)
You evolve.
Potions are less effective at restoring your health.


Message History

The deep elf mage is moderately wounded.
You slash the hell rat! You hit the hell rat but do no damage.
You block the deep elf mage's attack. The hell rat barely misses you.
The hell rat closely misses you. You furiously retaliate!
You headbutt the hell rat, but do no damage.
The +6 halberd of flaming closely misses you.
Your system partially rejects the healing.
You feel much better.
Your ogre closely misses the deep elf mage.
The +2 scimitar of electrocution hits you!
* * * LOW HITPOINT WARNING * * *
The hell rat barely misses you. You furiously retaliate!
You headbutt the hell rat!
You kill the hell rat!
The hell rat's corpse disappears in a puff of smoke!
You block the hell rat's attack.
The +3 vorpal trident hits you from afar.
* * * LOW HITPOINT WARNING * * *
x2 The +6 halberd of flaming hits you from afar!!
You die...

##.....##...##...
##...O(..........
##.....e.e).......
#...E.e#(.........
##..e)###.........
##.e## ##........
##..)## .........
##....(#......e...
#....O@........e..
##...reĀ§..........
##..((......##...
#.........##
#...........#
#.............
##............
##....#......


You could see a deep elf knight, an earth elemental (summoned), 2 deep elf magi,
a hell rat (summoned), 3 dancing weapons and a friendly ogre (summoned,
berserk).

Vanquished Creatures
  4 tentacled monstrosities (Elf:1)
  Roxanne (D:15)
  3 cacodemons (Elf:1)
  A deep elf elementalist (Elf:1)
  An ironheart preserver (D:13)
  The ghost of Amein the Spry, an adept GrFi (Elf:1)
  A deep elf demonologist (Elf:1)
  2 dire elephants
  A fire dragon (Lair:6)
  Fannar (D:10)
  Erolcha (Orc:2)
  Harold (D:9)
  4 hydras
  3 catoblepae (Lair:6)
  A centaur warrior (D:13)
  7 two-headed ogres
  A tengu warrior (D:13)
  A death knight (D:15)
  An ogre mage (D:15)
  16 dancing weapons
  3 orc high priests (Orc:2)
  5 death yaks (Lair:5)
  6 deep elf knights
  The ghost of lasso the Cleaver, a novice MiFi of Ashenzari (D:7)
  An unseen horror (D:14)
  A swamp dragon (Lair:6)
  An unseen horror (shapeshifter) (Elf:1)
  5 deep elf archers
  3 lindwurms
  6 orc knights
  A harpy (shapeshifter) (Elf:1)
  A wolf spider zombie (D:15)
  8 large abominations (Elf:1)
  A mana viper (shapeshifter) (Elf:1)
  10 ugly things
  A wolf spider (D:15)
  22 deep elf magi
  5 manticores
  8 orc sorcerers
  3 oklob plants (Lair:5)
  A salamander (D:15)
  3 cyclopes
  18 elephants
  A toenail golem (Volcano)
  Joseph (D:8)
  3 black mambas
  3 centaur zombies (D:14)
  Maurice (D:8)
  3 gargoyles
  A torpor snail (Lair:6)
  3 molten gargoyles (Volcano)
  9 spiny frogs
  9 komodo dragons
  6 rime drakes
  4 kobold demonologists
  Maggie (D:10)
  3 efreet (Volcano)
  2 guardian mummies (Elf:1)
  4 trolls
  A queen bee (Lair:2)
  3 hornets
  A harpy zombie (D:15)
  A jumping spider (shapeshifter) (Elf:1)
  A meliai (shapeshifter) (Elf:1)
  6 polar bears
  A raiju (shapeshifter) (Elf:1)
  6 blink frogs
  5 slime creatures
  10 hippogriffs
  An air elemental (Elf:1)
  A shadow (D:12)
  A wraith (D:14)
  A water elemental (Elf:2)
  5 wyverns
  5 basilisks
  51 yaks
  5 fire elementals
  A golden eye (shapeshifter) (Elf:1)
  2 steam dragons (Lair:6)
  6 vampire mosquitoes
  2 hungry ghosts
  2 swamp worms (Lair:3)
  3 nagas (Lair:2)
  A soldier ant (shapeshifter) (Elf:1)
  7 acid dragons
  A soldier ant (D:14)
  15 water moccasins
  2 black bears
  9 porcupines
  4 ice beasts
  2 sky beasts
  15 orc warriors
  A sky beast (shapeshifter) (Elf:1)
  A swamp drake (Lair:6)
  A necrophage (D:15)
  18 wolves
  A boggart (shapeshifter) (Elf:1)
  14 ogres
  12 centaurs
  15 crocodiles
  9 big kobolds
  23 bullfrogs
  3 earth elementals
  5 gnoll sergeants
  3 scorpions
  13 wights
  28 killer bees
  A howler monkey (shapeshifter) (Elf:1)
  A howler monkey (D:4)
  2 electric eels (Lair:1)
  7 crimson imps
  2 bullfrog zombies
  9 hounds
  2 jellies
  2 quasits
  12 orc priests
  An iron imp (D:8)
  2 bullfrog skeletons
  5 centaur skeletons
  Jessica (D:2)
  5 iguanas
  14 orc wizards
  Ijyb (D:3)
  Natasha (D:3)
  10 worker ants
  A killer bee zombie (D:6)
  2 hound skeletons
  11 gnolls
  2 howler monkey skeletons
  14 adders
  4 shadow imps
  4 worms
  2 dart slugs (D:2)
  3 leopard geckos
  59 orcs
  5 ball pythons
  5 giant cockroaches
  10 goblins
  8 hobgoblins
  2 jackals (D:5)
  14 kobolds
  5 quokkas
  4 bats
  13 frilled lizards
  A jackal skeleton (D:4)
  A quokka skeleton (D:7)
  A quokka zombie (D:6)
  9 rats
  5 fire vortices (Volcano)
  2 fungi
  5 plants
814 creatures vanquished.

Vanquished Creatures (collateral kills)
  A deep elf mage (Elf:1)
  A hornet (shapeshifter) (Elf:1)
2 creatures vanquished.

Vanquished Creatures (others)
  A deep elf knight (Elf:1)
  2 deep elf magi (Elf:1)
  A rime drake (Lair:6)
  A bullfrog (D:15)
  4 fungi
  11 plants
  9 toadstools (Lair:1)
29 creatures vanquished.

Grand Total: 845 creatures vanquished

Notes
Turn   | Place    | Note
-------+----------+-------------------------------------------
     0 | D:1      | Clowwww the Minotaur Fighter began the quest for the Orb.
     0 | D:1      | Reached XP level 1. HP: 19/19 MP: 0/0
   334 | D:1      | Reached XP level 2. HP: 27/27 MP: 1/1
   673 | D:1      | Reached skill level 3 in Axes
  1134 | D:2      | Reached XP level 3. HP: 33/33 MP: 2/2
  1580 | D:2      | Noticed Jessica
  1583 | D:2      | Killed Jessica
  1583 | D:2      | Reached skill level 4 in Axes
  1583 | D:2      | Reached XP level 4. HP: 35/40 MP: 3/3
  1624 | D:2      | Found a burning altar of Makhleb.
  1726 | D:2      | Reached skill level 1 in Throwing
  1788 | D:2      | Found a hazy altar of Hepliaklqana.
  1983 | D:3      | Noticed Ijyb
  1990 | D:3      | Paralysed by Ijyb for 4 turns
  1995 | D:3      | Killed Ijyb
  1995 | D:3      | Reached XP level 5. HP: 40/46 MP: 4/4
  2230 | D:3      | Reached skill level 1 in Dodging
  2450 | D:3      | Noticed Natasha
  2453 | D:3      | Killed Natasha
  2576 | D:3      | Reached skill level 5 in Axes
  2795 | D:4      | Found a glowing drain.
  2814 | Sewer    | Entered a sewer
  3086 | Sewer    | Reached XP level 6. HP: 53/53 MP: 5/5
  3451 | D:4      | Found a staircase to the Ecumenical Temple.
  3460 | Temple   | Entered the Ecumenical Temple
  3474 | Temple   | Became a worshipper of Trog the Wrathful
  3846 | D:5      | Entered Level 5 of the Dungeon
  3855 | D:5      | Reached skill level 6 in Axes
  3881 | D:5      | Got a crude plate armour
  3956 | D:5      | Identified the +0 plate armour of the Lion {rC+ Dex+6} (You
                  | found it on level 5 of the Dungeon)
  4055 | D:5      | Reached XP level 7. HP: 60/60 MP: 6/6
  4127 | D:5      | Reached skill level 7 in Axes
  4138 | D:5      | Found an opulent altar of Gozag.
  4166 | D:5      | Reached skill level 5 in Fighting
  4169 | D:5      | Reached * piety under Trog
  4654 | D:6      | Reached skill level 8 in Axes
  4913 | D:6      | Found a hide-covered altar of Uskayaw.
  4913 | D:6      | Found a shimmering blue altar of Sif Muna.
  4919 | D:6      | Found a glowing silver altar of Zin.
  4921 | D:6      | Found an iron altar of Okawaru.
  4923 | D:6      | Found a shimmering altar of Xom.
  5003 | D:6      | Reached skill level 5 in Armour
  5003 | D:6      | Reached XP level 8. HP: 42/68 MP: 7/7
  5547 | D:7      | Found a transporter.
  5553 | D:7      | Found a transporter.
  5554 | D:7      | Noticed lasso's ghost (novice MiFi)
  5565 | D:7      | Reached skill level 5 in Shields
  5579 | D:7      | Reached skill level 9 in Axes
  5582 | D:7      | Killed lasso's ghost
  5582 | D:7      | Reached skill level 1 in Stealth
  5811 | D:7      | Reached XP level 9. HP: 78/78 MP: 8/8
  5835 | D:7      | Found a basalt altar of Yredelemnul.
  5835 | D:7      | Found a sparkling altar of Nemelex Xobeh.
  6031 | D:7      | Reached skill level 10 in Axes
  6653 | D:8      | Noticed Joseph
  6682 | D:8      | Killed Joseph
  7094 | D:8      | Reached skill level 11 in Axes
  7493 | D:8      | Reached ** piety under Trog
  7766 | D:8      | Noticed Maurice
  7775 | D:8      | Paralysed by something for 2 turns
  8039 | D:8      | Found a snail-covered altar of Cheibriados.
  8051 | D:8      | Killed Maurice
  8051 | D:8      | Reached XP level 10. HP: 88/88 MP: 9/9
  8559 | D:9      | Got an encrusted buckler
  8582 | D:9      | Identified the +1 buckler "Kimmun" {rC- rCorr Str+6 SInv}
                  | (You found it on level 9 of the Dungeon)
  8724 | D:9      | Reached skill level 5 in Throwing
  8729 | D:9      | Found Xeguimia's General Store.
  8784 | D:9      | Noticed Harold
  8803 | D:9      | Killed Harold
  8941 | D:9      | Identified the Almanac of the Dusty Traveller
  9152 | D:10     | Entered Level 10 of the Dungeon
  9155 | D:10     | Got a faintly glowing cloak
  9178 | D:10     | Identified the +2 cloak of the Moon Troll {Str+6 Int+2}
                  | (You found it on level 10 of the Dungeon)
  9316 | D:10     | Noticed Maggie
  9325 | D:10     | Killed Maggie
  9394 | D:10     | Reached skill level 12 in Axes
  9703 | D:10     | Noticed Fannar
  9714 | D:10     | Killed Fannar
 10045 | D:11     | Noticed a cyclops
 10048 | D:11     | Killed a cyclops
 10157 | D:9      | Bought a scroll of acquirement for 676 gold pieces
 10160 | D:9      | Acquired a manual of Stealth
 10197 | D:11     | Noticed a cyclops
 10204 | D:11     | Killed a cyclops
 10347 | D:11     | Reached XP level 11. HP: 95/95 MP: 10/10
 10689 | D:11     | Found a staircase to the Lair.
 10943 | D:11     | Noticed a white ugly thing
 10955 | D:11     | Killed a white ugly thing
 11095 | D:11     | Found a staircase to the Orcish Mines.
 11123 | D:11     | Reached skill level 13 in Axes
 11124 | D:11     | Reached *** piety under Trog
 11544 | D:12     | Got an encrusted scale mail
 11555 | D:12     | Identified the cursed +0 scale mail of Immorality {rC-
                  | Int+2 Dex+2} (You found it on level 12 of the Dungeon)
 11764 | D:12     | Reached skill level 5 in Dodging
 11767 | D:12     | Noticed a sun demon
 12253 | D:12     | Reached skill level 10 in Fighting
 12253 | D:12     | Reached **** piety under Trog
 12596 | D:13     | Noticed a two-headed ogre
 12601 | D:13     | Killed a two-headed ogre
 12601 | D:13     | Reached skill level 14 in Axes
 12775 | D:13     | Noticed a centaur warrior
 12782 | D:13     | Killed a centaur warrior
 12798 | D:13     | Found a gate to the Vaults.
 12798 | D:13     | Noticed an ironheart preserver
 12811 | D:13     | Killed an ironheart preserver
 12811 | D:13     | Reached XP level 12. HP: 47/108 MP: 11/11
 13108 | D:13     | Found a shattered altar of Ashenzari.
 13150 | D:13     | Noticed a tengu warrior
 13157 | D:13     | Killed a tengu warrior
 14069 | D:14     | Reached skill level 15 in Axes
 14403 | D:14     | Noticed a two-headed ogre
 14409 | D:14     | Killed a two-headed ogre
 14513 | D:14     | Reached ***** piety under Trog
 14954 | D:14     | Reached skill level 16 in Axes
 15159 | D:14     | Reached XP level 13. HP: 105/117 MP: 12/12
 15605 | D:15     | Entered Level 15 of the Dungeon
 15606 | D:15     | Identified Roxanne's Tome of Moulding
 15606 | D:15     | Noticed Roxanne
 16510 | D:15     | Found a staircase to the Depths.
 16510 | D:15     | Noticed a dire elephant
 16522 | D:15     | Reached skill level 10 in Armour
 16530 | D:15     | Killed a dire elephant
 16533 | D:15     | HP: 8/183 [large slime creature (3)]
 16537 | D:15     | Received a gift from Trog
 17205 | D:15     | Killed Roxanne
 17278 | Lair:1   | Entered Level 1 of the Lair of Beasts
 17342 | Lair:1   | HP: 6/122 [poisoned by a spiny frog]
 17347 | Lair:1   | HP: 6/122 [poisoned by a spiny frog]
 17354 | Lair:1   | HP: 6/122 [poisoned by a spiny frog]
 17362 | Lair:1   | HP: 6/122 [poisoned by a spiny frog]
 17761 | Lair:1   | Noticed a dire elephant
 17782 | Lair:1   | Found a runed translucent door.
 18608 | Lair:1   | Reached skill level 17 in Axes
 18956 | Lair:2   | Reached XP level 14. HP: 129/129 MP: 13/13
 19323 | Lair:2   | Found a staircase to the Snake Pit.
 20038 | Lair:2   | Reached skill level 1 in Evocations
 22292 | Lair:4   | Found a dark tunnel.
 22300 | Volcano  | Entered a volcano
 22387 | Volcano  | Reached skill level 10 in Shields
 23980 | Lair:5   | Found a staircase to the Slime Pits.
 23980 | Lair:5   | Found a viscous altar of Jiyva.
 24341 | Lair:5   | You fall into a shaft and drop 1 floor!
 24341 | Lair:6   | Entered Level 6 of the Lair of Beasts
 24873 | Lair:5   | Reached skill level 10 in Throwing
 24951 | Lair:5   | Received a gift from Trog
 24982 | Lair:5   | Reached XP level 15. HP: 39/139 MP: 15/15
 25643 | Lair:5   | Reached skill level 18 in Axes
 26266 | Lair:6   | Reached skill level 15 in Fighting
 26834 | Lair:6   | Got an ichor-stained flail
 26835 | Lair:6   | Identified the +3 flail "Juso" {flame, Dex+3} (You found it
                  | on level 6 of the Lair of Beasts)
 27814 | Lair:6   | Got a flickering marble ring
 27818 | Lair:6   | Identified the ring of the Aged Suns {rF+ Int+8} (You found
                  | it on level 6 of the Lair of Beasts)
 28136 | Lair:6   | Reached skill level 5 in Stealth
 28289 | Lair:6   | Got a fine golden amulet
 28294 | Lair:6   | Identified the amulet of Mokiqeac {Faith Int+3} (You found
                  | it on level 6 of the Lair of Beasts)
 28556 | Orc:1    | Entered Level 1 of the Orcish Mines
 28687 | Orc:2    | Entered Level 2 of the Orcish Mines
 28695 | Orc:2    | Received a gift from Trog
 28707 | Orc:2    | Got a warped broad axe {god gift}
 28708 | Orc:2    | Identified the +10 broad axe "Cudocov" {vorpal, *Rage rF+
                  | rC+ rN+} (Trog gifted it to you on level 2 of the Orcish
                  | Mines)
 28932 | Orc:2    | Found a staircase to the Elven Halls.
 29015 | Orc:2    | Noticed Erolcha
 29021 | Orc:2    | Killed Erolcha
 29180 | Orc:2    | Found Fomimpiu's Antique Weapon Emporium.
 29180 | Orc:2    | Found Wula's Antique Armour Shop.
 29227 | Orc:2    | Found Koqiurr's Antique Armour Shop.
 29227 | Orc:2    | Found Enisaukk's Jewellery Emporium.
 29243 | Orc:2    | Bought a pair of dazzling boots for 256 gold pieces
 29251 | Orc:2    | Identified the cursed +0 pair of boots of Grim Intercession
                  | {Int+5} (You bought it in a shop on level 2 of the Orcish
                  | Mines)
 29267 | Orc:2    | Bought a polished eveningstar for 580 gold pieces
 29269 | Orc:2    | Identified the +7 eveningstar of Big Damage {vorpal,
                  | *Contam Fragile +Inv rElec Dex+8} (You bought it in a shop
                  | on level 2 of the Orcish Mines)
 29298 | Orc:2    | Gained mutation: You are occasionally teleported next to
                  | monsters. [mutagenic glow]
 29683 | Elf:1    | Entered Level 1 of the Elven Halls
 29771 | Elf:1    | Reached ****** piety under Trog
 29814 | Elf:1    | Received a gift from Trog
 30337 | Elf:1    | Found a portal to a secret trove of treasure.
 30348 | Elf:1    | Reached XP level 16. HP: 136/152 MP: 16/16
 31136 | Elf:1    | Found Nadaatookhi's Assorted Antiques.
 31142 | Elf:1    | Found a runed translucent gate.
 31142 | Elf:1    | Found a runed translucent gate.
 31143 | Elf:1    | Found a runed translucent gate.
 31144 | Elf:1    | Bought a vibrating lead ring for 155 gold pieces
 31147 | Elf:1    | Identified the cursed ring "Ferev" {*Corrode rPois rN++
                  | Slay-4} (You bought it in a shop on level 1 of the Elven
                  | Halls)
 31150 | Elf:1    | Noticed a tentacled monstrosity
 31150 | Elf:1    | Noticed a tentacled monstrosity
 31151 | Elf:1    | Noticed a tentacled monstrosity
 31159 | Elf:1    | Killed a tentacled monstrosity
 31160 | Elf:1    | Noticed a tentacled monstrosity
 31163 | Elf:1    | Killed a tentacled monstrosity
 31163 | Elf:1    | Reached skill level 19 in Axes
 31166 | Elf:1    | Killed a tentacled monstrosity
 31174 | Elf:1    | Killed a tentacled monstrosity
 31180 | Elf:1    | Found a runed translucent gate.
 31180 | Elf:1    | Found a runed translucent gate.
 31187 | Elf:1    | Noticed Amein's ghost (adept GrFi)
 31189 | Elf:1    | Found a runed translucent gate.
 31245 | Elf:1    | Gained mutation: You are frail. (-10% HP) [a cacodemon]
 31245 | Elf:1    | Gained mutation: Your body sometimes deteriorates upon
                  | taking damage. [a cacodemon]
 31247 | Elf:1    | Received a gift from Trog
 31251 | Elf:1    | Gained mutation: You are weak. (Str -2) [a cacodemon]
 31253 | Elf:1    | Gained mutation: You evolve. [a cacodemon]
 31291 | Elf:1    | Killed Amein's ghost
 31305 | Elf:1    | Got a distressingly furry cloak
 31337 | Elf:1    | Gained mutation: Potions are less effective at restoring
                  | your health. [mutagenic glow]
 31389 | Elf:1    | Gained mutation: You tend to lose your temper in combat.
                  | [mutagenic glow]
 31451 | Elf:1    | Identified the cursed +0 cloak of the Storm King {Str+3}
                  | (You found it on level 1 of the Elven Halls)
 31945 | Elf:2    | Found a huge runed translucent gate.
 31945 | Elf:2    | Found a huge runed translucent gate.
 31945 | Elf:2    | Found a huge runed translucent gate.
 31958 | Elf:2    | Found a huge runed translucent gate.
 31960 | Elf:2    | Found a huge runed translucent gate.
 32001 | Elf:2    | Found a shimmering blue altar of Sif Muna.
 32177 | Elf:2    | Found Atusesut's Book Boutique.
 32450 | Elf:2    | HP: 3/211 [deep elf knight/stone arrow (32)]
 32463 | Elf:2    | Mangled by a +6 halberd of flaming

Illustrated notes

Levels and vault maps discovered:
D:1:      scummos_arrival_star, layout_basic, minmay_split_cup_small
D:2:      layout_rooms, nicolae_overflow_hidden_temple,
          makhleb_heckhound_becter, uniq_jessica
D:3:      layout_basic, first_ration, uniq_ijyb, uniq_natasha
D:4:      layout_rooms, lemuel_temple_firewalk_b, cheibrodos_sewer_entry_bend,
          hangedman_abyss_or_decor_stabs, kennysheep_generic_room_12
D:5:      layout_cave_pools, grunt_gozag_statues
D:6:      minmay_angry_zag, layout_loops_ring,
          chequers_temple_overflow_minitemple, kennysheep_generic_room_13
D:7:      layout_basic, gammafunk_temple_overflow_elements,
          gammafunk_ghost_smash
D:8:      layout_cave_pods, slow_altar_2, kennysheep_generic_room_6,
          uniq_maurice, uniq_joseph
D:9:      layout_cave_pools, serial_shops, shop_statue, uniq_harold
D:10:     layout_roguey, uniq_maggie, uniq_fannar
D:11:     layout_gridville, lair_entry_dummy,
          kennysheep_orc_monster_closet_entryway
D:12:     layout_roguey
D:13:     layout_gridville, skrybe_vaults_entry_preservation, grunt_tengu_nest,
          minivault_23, ashenzari_altar_1
D:14:     layout_cave_pods, nrook_mini_backslash, minmay_liquid_box,
          minmay_misc_feat_tiny
D:15:     hangedman_depths_entry_try_elsewhere_first, layout_cross,
          hangedman_decor_opposing, uniq_roxanne
Temple:   dshaligram_water_room_temple
Lair:1:   gammafunk_lair_enchanted_lake, layout_chaotic_city,
          beast_lair_carwin_10, grunt_megastairs_2
Lair:2:   layout_layer_cave, guppyfry_snake_entry_island, special_room
          [special_room_bee]
Lair:3:   layout_big_grid, palyth_hydra_swamp_entry, minmay_lindwurm_lava
Lair:4:   layout_cave_pods, enter_volcano_2, beast_lair_carwin_1
Lair:5:   layout_hall_layers, slime_altar_1, wad_woods_road_02, st_stairs_10,
          minmay_lair_oklob_chamber
Lair:6:   hangedman_lair_in_review, layout_gridlike, guppyfry_lair_end_dragon,
          chequers_serial_rivers_large_a
Orc:1:    layout_caves
Orc:2:    grunt_orc_tribal_feast, layout_diamond_mine, uniq_erolcha
Elf:1:    eino_elf_arrival_sip, layout_gridlike,
          ploomutoo_gammafunk_ghost_potion_laboratory,
          nicolae_trove_entry_path_of_doom, serial_shops,
          nicolae_shop_behind_doors, hangedman_elven_crosses_minicolossus
Elf:2:    layout_onion_city, basic_altar, serial_shops, shop

Skill      XL: |  1  2  3  4  5  6  7  8  9 10 11 12 13 14 15 16 |
---------------+-------------------------------------------------+-----
Fighting       | 4 5 6 7 8 10 11 13 14 16 17 | 17.8
Axes           | 3 4 5 6 8 9 11 12 14 16 17 18 19 | 19.5
Armour         | 4 5 7 8 9 10 11 12 | 12.0
Shields        | 4 5 6 7 8 9 10 11 | 11.9
Throwing       | 1 2 3 4 6 7 8 10 | 10.9
Dodging        | 1 2 3 4 5 6 7 8 9 |  9.9
Stealth        | 1 3 4 5 7 |  7.0
Evocations     | 2 |  2.2

Action                   |  1- 3 |  4- 6 |  7- 9 | 10-12 | 13-15 | 16-18 || total
-------------------------+-------+-------+-------+-------+-------+-------++-------
Melee: War axe           |    97 |   132 |   227 |   399 |   810 |       ||  1665
       Headbutt          |    17 |    15 |    41 |   110 |   270 |    28 ||   481
       Broad axe         |       |       |       |       |   126 |   187 ||   313
Throw: Boomerang         |    14 |    38 |    60 |    73 |   231 |     6 ||   422
Invok: Berserk           |       |       |     1 |     5 |     8 |     5 ||    19
       Trog's Hand       |       |       |       |     2 |     3 |     4 ||     9
       Brothers in Arms  |       |       |       |       |       |     3 ||     3
Evoke: Wand              |       |       |       |       |    29 |       ||    29
  Use: Scroll            |       |    16 |     4 |    12 |     9 |     3 ||    44
       Potion            |       |       |       |     1 |     3 |     2 ||     6
 Stab: Distracted        |       |     1 |       |       |       |     3 ||     4
       Sleeping          |       |       |       |     1 |     4 |       ||     5
       Petrified         |       |       |       |       |     3 |       ||     3
  Eat: Chunk             |     2 |     8 |    10 |    18 |    48 |     6 ||    92
       Ration            |       |       |     1 |     3 |     2 |     2 ||     8
Armor: Scale mail        |    29 |    10 |       |       |       |       ||    39
       Ring mail         |       |    36 |    79 |   113 |   223 |    58 ||   509
Dodge: Dodged            |    27 |    42 |    86 |   224 |   529 |    77 ||   985
Block: Kite shield       |    35 |    61 |    99 |     5 |       |       ||   200
       Buckler           |       |       |       |   105 |   258 |    53 ||   416
